 Dungeon Crawl Stone Soup version 0.17.0-28-g6e173f8 (webtiles) character file.

174 fredomojojo the Shield-Bearer (level 5, -7/41 HPs)
             Began as a Human Fighter on Nov 24, 2015.
             Mangled by Kalief's ghost (10 damage)
             ... on level 4 of the Dungeon.
             The game lasted 00:26:08 (2530 turns).

fredomojojo the Shield-Bearer (Human Fighter)       Turns: 2530, Time: 00:26:08

Health: -7/41      AC:  9    Str: 17    XL:     5   Next: 84%
Magic:  5/5        EV:  5    Int:  9    God:
Gold:   133        SH:  9    Dex: 12    Spells: 0 memorised, 4 levels left

rFire  . . .     SeeInvis .     a - +0 long sword
rCold  . . .     Clarity  +     j - +0 chain mail
rNeg   . . .     SustAt   .     c - +0 shield
rPois  .         Gourm    .     (no helmet)
rElec  .         Spirit   .     (no cloak)
rCorr  .         Warding  .     (no gloves)
rMut   .         Stasis   .     (no boots)
MR     .....                    n - amulet of clarity
Stlth  ..........               (no ring)
                                (no ring)

@: slowed, very slow, not resistant to hostile enchantments, extremely
unstealthy
A: no striking features
a: no special abilities


You were on level 4 of the Dungeon.
You were hungry.

You visited 1 branch of the dungeon, and saw 4 of its levels.

You collected 133 gold pieces.

Inventory:

Hand Weapons
 a - a +0 long sword (weapon)
 i - a +1 dagger of venom
 z - a +2 hunting sling of freezing
 A - a +0 long sword
 E - a +3 falchion
Missiles
 p - 22 sling bullets
 y - 20 stones (quivered)
Armour
 b - a +0 scale mail
 c - a +0 shield (worn)
 j - a +0 chain mail (worn)
Jewellery
 n - an amulet of clarity (around neck)
Scrolls
 f - 3 scrolls of amnesia
 g - a scroll of identify {unknown}
 k - a scroll of blinking {unknown}
 q - a scroll of fog {unknown}
 r - a scroll of magic mapping
 C - a scroll of recharging {unknown}
 D - a scroll of noise {unknown}
Potions
 d - a potion of might
 e - a potion of heal wounds {unknown}
 v - a potion of resistance {unknown}
 w - 3 potions of curing
 x - a potion of degeneration {unknown}
 B - a potion of agility
Comestibles
 h - 2 meat rations
 l - 4 bread rations
 m - a royal jelly
 t - 2 chunks of flesh
 u - 2 slices of pizza


   Skills:
 + Level 3.6 Fighting
 + Level 2.8 Long Blades
 + Level 3.8 Armour
 + Level 1.1 Dodging
 + Level 4.4 Shields


You had 4 spell levels left.
You didn't know any spells.

Dungeon Overview and Level Annotations

Branches:
Dungeon (4/15)
 Temple: D:4-7

Altars:
Qazlal

Annotations:
D:4 Kalief's ghost, amateur DDHu


Message History

Kalief's ghost hits you but does no damage.
You block Kalief's ghost's attack.
You slash Kalief's ghost!
Kalief's ghost is heavily damaged.
You feel less woody.
Your +0 chain mail unmelds from your body.
You block Kalief's ghost's attack.
Kalief's ghost hits you but does no damage.
Your shield and chain mail prevent you from hitting Kalief's ghost.
Kalief's ghost is heavily damaged.
Kalief's ghost wails.
You block Kalief's ghost's attack. x2
You barely miss Kalief's ghost.
Kalief's ghost is heavily damaged.
You block Kalief's ghost's attack. Kalief's ghost hits you!
* * * LOW HITPOINT WARNING * * *
x2 You closely miss Kalief's ghost.
Kalief's ghost is heavily damaged.
Kalief's ghost hits you!
You die...

....#########.....#
..................#
..................#
..................#
..................#
........#...#รท....##
........#...#......#
............#......#
............####@..#
................W..#
................(.....
....#...................
................(.......
..... ............#..
..... .......###### .
..... ....... .....


You could see Kalief's ghost.

Vanquished Creatures
  6 gnolls (D:2)
  5 adders
  A worm (D:2)
  4 giant geckos
  5 bats
  2 giant cockroaches
  10 hobgoblins
  3 jackals
  8 kobolds
  3 quokkas
  3 ball pythons
  3 giant newts
  7 goblins
  8 rats
68 creatures vanquished.

Notes
Turn   | Place    | Note
--------------------------------------------------------------
     0 | D:1      | fredomojojo the Human Fighter began the quest for the Orb.
     0 | D:1      | Reached XP level 1. HP: 18/18 MP: 1/1
   103 | D:1      | Reached XP level 2. HP: 16/24 MP: 2/2
   394 | D:1      | Reached XP level 3. HP: 29/29 MP: 3/3
   905 | D:2      | Reached XP level 4. HP: 8/35 MP: 4/4
  1210 | D:2      | Found a stormy altar of Qazlal.
  1343 | D:2      | You fall through a shaft!
  1575 | D:3      | Reached skill level 4 in Shields
  1716 | D:2      | Reached XP level 5. HP: 36/41 MP: 5/5
  1932 | D:2      | Reached skill level 1 in Dodging
  2490 | D:4      | Noticed Kalief's ghost (amateur DDHu)
  2494 | D:4      | Paralysed by Kalief's ghost for 6 turns
  2514 | D:4      | Paralysed by Kalief's ghost for 6 turns
  2530 | D:4      | Mangled by Kalief's ghost

Action                   |  1- 3 |  4- 6 || total
-------------------------+-------+-------++-------
Melee: Long sword        |    97 |   182 ||   279
Throw: Tomahawk          |       |    10 ||    10
  Use: Potion            |       |     6 ||     6
       Scroll            |       |     2 ||     2
  Eat: Bread ration      |       |     1 ||     1
       Chunk             |       |     1 ||     1
